 Dungeon Crawl Stone Soup version 0.30-a0-696-g2367cd04db (webtiles) character file.

Game seed: 17994533096369836310

69 Crownlay the Grave Robber (level 4, -4/30 HPs)
             Began as a Demonspawn Necromancer on Jan 20, 2023.
             Slain by a gnoll
             ... wielding a +0 spear
              (5 damage)
             ... on level 2 of the Dungeon.
             The game lasted 00:02:19 (1998 turns).

Crownlay the Grave Robber (Demonspawn Necromancer)  Turns: 1998, Time: 00:02:20

Health: -4/30      AC:  2    Str:  5 (8)  XL:     4   Next: 2%
Magic:  1/7        EV: 12    Int: 15 (18) God:
Gold:   96         SH:  0    Dex: 12 (14) Spells: 6/7 levels left

rFire   + . .      SeeInvis .    e - +0 mace
rCold   + . .      Faith    .    (no shield)
rNeg    . . .      Spirit   .    a - +0 robe
rPois   +          Reflect  .    (no helmet)
rElec   +          Harm     .    (no cloak)
rCorr   +          Rampage  .    (no gloves)
Will    .....                    (no boots)
Stlth   ++                       (no amulet)
HPRegen 0.25/turn                (no ring)
MPRegen 0.10/turn                (no ring)

@: mighty, resistant, flying
A: claws 2
a: no special abilities


You were on level 2 of the Dungeon.
You visited 1 branch of the dungeon, and saw 2 of its levels.

You collected 96 gold pieces.

Inventory:

Hand Weapons
 e - a +0 mace (weapon)
Armour
 a - a +0 robe (worn)
Scrolls
 c - a scroll of summoning {unknown}
 d - a scroll of fog {unknown}
 f - a scroll of identify {unknown}
 g - 2 scrolls of noise {unknown}
 k - a scroll of brand weapon {unknown}
 m - a scroll of immolation {unknown}
Potions
 b - a potion of magic
 i - a potion of might
 j - a potion of resistance


   Skills:
 - Level 1.7 Dodging
 - Level 1.7 Stealth
 - Level 2.0 Spellcasting
 + Level 6.2 Necromancy


You had 6 spell levels left.
You knew the following spells:

 Your Spells              Type           Power      Damage    Failure   Level
a - Necrotise             Necr           80%        1d8       1%          1

Your spell library contained the following spells:

 Spells                   Type           Power      Damage    Failure   Level
 Vampiric Draining        Necr           20%        2d7       5%          3
 Animate Dead             Necr           20%        N/A       17%         4
 Agony                    Necr           20%        N/A       43%         5


Dungeon Overview and Level Annotations

Branches:
Dungeon (2/15)

Altars:


Innate Abilities, Weirdness & Mutations

You have very sharp fingernails.


Message History

The gnoll misses you.
You closely miss the gnoll. The gnoll barely misses you.
You hit the gnoll but do no damage. The gnoll hits you with a +0 spear. x2
Casting: Necrotise (safe; 1% risk of failure)
Confirm with . or Enter, or press ? or * to list all spells.
Aiming: Necrotise (safe; 1% risk of failure)
Press: ? - help, Shift-Dir - straight line, f - gnoll
Aim: a gnoll, wielding a +0 spear and quivering stones (chance to affect: 88%)
The gnoll writhes in agony!
The gnoll hits you with a +0 spear!
You hit the gnoll but do no damage.
The gnoll is heavily wounded.
The gnoll barely misses you.
You closely miss the gnoll.
The gnoll is heavily wounded.
The gnoll barely misses you. The gnoll hits you with a +0 spear.
* * * LOW HITPOINT WARNING * * *
You hit the gnoll.
The gnoll is severely wounded.
The gnoll hits you with a +0 spear.
* * * LOW HITPOINT WARNING * * *
It was a potion of might.
You feel very mighty all of a sudden. The gnoll closely misses you.
Okay, then.
Unknown command.
You completely miss the gnoll.
The gnoll is severely wounded.
The gnoll closely misses you.
It was a potion of resistance.
You feel protected. The gnoll hits you with a +0 spear.
* * * LOW HITPOINT WARNING * * *
It was a potion of flight.
You feel very buoyant.
You fly up into the air.
The gnoll barely misses you.
It was a potion of degeneration.
There was something very wrong with that liquid.
You feel weakened.
You feel dopey.
You feel clumsy. The gnoll hits you with a +0 spear.
You die...

#... #... . #..#
.. #..# ..
##..##.# ...>.
#).# #g# ######
#@# .....# #.#
####.# #.# #.##.#
#.#######P##.#####
#......##.##......
#####.######...###
#........#.#
##########.# ###


You could see a gnoll.

Vanquished Creatures
  2 gnolls
  3 dart slugs
  A bat (D:1)
  5 endoplasms
  A giant cockroach (D:2)
  2 goblins
  4 hobgoblins
  9 jackals
  2 quokkas
  A ball python (D:2)
  3 frilled lizards
  2 kobolds (D:1)
  2 rats
37 creatures vanquished.

Vanquished Creatures (collateral kills)
  A rat (D:2)
1 creature vanquished.

Grand Total: 38 creatures vanquished

Notes
Turn   | Place    | Note
-------+----------+-------------------------------------------
     0 | D:1      | Crownlay the Demonspawn Necromancer began the quest for the
                  | Orb.
     0 | D:1      | Reached XP level 1. HP: 13/13 MP: 3/3
   367 | D:1      | Gained mutation: You have sharp fingernails. [demonic
                  | ancestry]
   367 | D:1      | Reached XP level 2. HP: 19/19 MP: 1/5
   673 | D:1      | Reached skill level 5 in Necromancy
  1448 | D:1      | Reached XP level 3. HP: 13/24 MP: 0/6
  1950 | D:2      | Reached skill level 6 in Necromancy
  1987 | D:2      | Gained mutation: You have very sharp fingernails. [demonic
                  | ancestry]
  1987 | D:2      | Reached XP level 4. HP: 22/30 MP: 0/7
  1996 | D:2      | HP: 1/30 [gnoll/+0 spear (3)]
  1998 | D:2      | Slain by a gnoll

Illustrated notes

Levels and vault maps discovered:
D:1:      dpeg_arrival_three_bigger_balls, layout_basic, nicolae_eternal_life
D:2:      layout_basic, serial_aquarium, aquarium_bridge_long_joined
          [aquarium_subvault_window, aquarium_subvault_bridge,
          aquarium_subvault_bridge, aquarium_subvault_wall,
          aquarium_subvault_wall, aquarium_subvault_balcony], aquarium_window_1,
          aquarium_window_3, aquarium_view_2c, aquarium_view_2c

Skill      XL: |  1  2  3 |
---------------+----------+-----
Necromancy     | 5 6 |  6.2
Dodging        | |  1.7
Stealth        | |  1.7
Spellcasting   | |  2.0

Action                   |  1- 3 |  4- 6 || total
-------------------------+-------+-------++-------
Melee: Mace              |     6 |     6 ||    12
 Cast: Necrotise         |    66 |     1 ||    67
  Use: Potion            |       |     4 ||     4
Armor: Robe              |     2 |       ||     2
Dodge: Dodged            |    11 |     7 ||    18

Table legend: (Time is in decaauts)
 A = Elapsed time spent in this place.
 B = Non-inter-level travel time spent in this place.
 C = Inter-level travel time spent in this place.
 D = Time resting spent in this place.
 E = Time spent auto-exploring this place.
 F = Levels seen in this place.
 G = Mean time per level.
                   A        B        C        D        E       F      G
               +--------+--------+--------+--------+--------+-----+--------+
         Total |   2002 |   1981 |     21 |      0 |   1770 |   2 | 1001.0 |
       Dungeon |   2002 |   1981 |     21 |      0 |   1770 |   2 | 1001.0 |
               +--------+--------+--------+--------+--------+-----+--------+

Top non-repeatable levels by time:
     D:1: 1520 daAuts
     D:2: 481 daAuts
